 Dungeon Crawl Stone Soup version 0.20.1-1-g8b1a95d (webtiles) character file.

1792 Schiappus the Chopper (level 8, -5/62 HPs)
             Began as a Demonspawn Berserker on Sept 24, 2017.
             Was an Elder of Trog.
             Killed by divine providence
             ... invoked by an orc priest
              (12 damage)
             ... on level 6 of the Dungeon.
             The game lasted 00:28:03 (6604 turns).

Schiappus the Chopper (Demonspawn Berserker)        Turns: 6604, Time: 00:28:03

Health: -5/62      AC: 14    Str: 18    XL:     8   Next: 82%
Magic:  8/8        EV:  4    Int:  9    God:    Trog [****..]
Gold:   281        SH:  9    Dex: 14    Spells: 7/7 levels left

rFire    . . .     SeeInvis .   n - +0 war axe
rCold    + . .     Gourm    .   j - +0 shield
rNeg     . . .     Faith    +   g - +1 plate armour
rPois    .         Spirit   .   (helmet unavailable)
rElec    .         Reflect  .   (no cloak)
rCorr    .         Harm     .   (no gloves)
MR       .....                  d - +0 pair of boots
Stlth    ..........             h - amulet of faith
Regen    0.2/turn               i - ring of stealth
MPRegen  0.2/turn               k - ring of protection from cold

@: no status effects
A: horns 3, talons 1, demonic guardian 1
a: Berserk, Trog's Hand, Brothers in Arms, Burn Spellbooks, Renounce Religion


You were on level 6 of the Dungeon.
You worshipped Trog.
Trog was greatly pleased with you.
You were hungry.

You visited 2 branches of the dungeon, and saw 7 of its levels.

You collected 281 gold pieces.

Inventory:

Hand Weapons
 n - a +0 war axe (weapon)
Missiles
 m - 7 tomahawks of dispersal (quivered)
Armour
 d - a +0 pair of boots (worn)
 g - a +1 plate armour (worn)
 j - a +0 shield (worn)
Jewellery
 h - an amulet of faith (around neck)
 i - a ring of stealth (left hand)
 k - a ring of protection from cold (right hand)
Scrolls
 e - a scroll of fog
 f - 2 scrolls of magic mapping
 o - 3 scrolls of teleportation
Potions
 a - a potion of flight
 b - 2 potions of heal wounds
 l - a potion of curing
Comestibles
 c - 3 bread rations
 p - 5 chunks of flesh


   Skills:
 + Level 5.2 Fighting
 + Level 7.3 Axes
 + Level 4.4 Armour
 + Level 3.1 Dodging
 + Level 1.1 Stealth
 + Level 4.4 Shields


You had 7 spell levels left.
You didn't know any spells.

Dungeon Overview and Level Annotations

Branches:
Dungeon (6/15)             Temple (1/1) D:5

Altars:
Ashenzari
Cheibriados
Dithmenos
Elyvilon
Fedhas
Gozag
Hepliaklqana
Kikubaaqudgha
Makhleb
Nemelex Xobeh
Okawaru
Qazlal
Ru
Trog
Uskayaw
Vehumet
Yredelemnul
The Shining One


Innate Abilities, Weirdness & Mutations

You have a pair of large horns on your head.
You have sharp toenails.
A weak demonic guardian rushes to your aid.


Message History

You miss something.
A sky beast appears from thin air!
Reactivating autopickup.
The sky beast hits you.
* * * LOW HITPOINT WARNING * * *
The sky beast shocks you.
* * * LOW HITPOINT WARNING * * *
You slash the sky beast!
You kill the sky beast!
Trog accepts your kill.
Your plate armour prevents you from hitting the worm.
Your quasit disappears in a puff of smoke!
The worm bites you.
* * * LOW HITPOINT WARNING * * *
You hit the worm.
The worm is moderately wounded.
You hit the worm. You headbutt the worm.
The worm is almost dead.
The orc priest invokes the aid of Beogh against you.
Beogh smites you!
You die...

#####.#.#######.##
# ........#
#...######
###.#.#.##
#.#....... ...#..#
#...######
#.###..### #####
##.......#
#####.#.# #######
#.#####.#.#
#...... #.ow@5.#.#
#.###†#
#.#####.#.#
#.#.... #.#.#
#.#.#.# .....
#.....# #.#.#
###.### ..#.#
##.## ..# # #...##
... ###.###.# ...
#>.


You could see a worm, an orc priest and a friendly ufetubus.

Vanquished Creatures
  Sigmund (D:5)
  Eustachio (D:5)
  A sky beast (D:6)
  4 ogres
  A centaur (D:6)
  The ghost of Frank the Shield-Bearer, an amateur OpFi (D:3)
  A howler monkey (D:4)
  A hound (D:5)
  A gnoll shaman (D:5)
  2 orc wizards (D:5)
  2 iguanas
  Terence (D:2)
  3 worker ants
  A hound zombie (D:5)
  A hound skeleton (D:5)
  Robin (D:2)
  5 gnolls
  15 adders
  An ooze (D:1)
  2 adder skeletons
  2 worms
  2 dart slugs (D:1)
  7 leopard geckos
  18 orcs
  7 bats
  2 giant cockroaches (D:1)
  17 goblins
  13 hobgoblins
  3 jackals
  2 quokkas
  5 ball pythons
  4 frilled lizards
  9 kobolds
  9 rats
  2 fungi (D:4)
148 creatures vanquished.

Vanquished Creatures (collateral kills)
  An ice beast (D:5)
  An ogre (D:4)
  A water moccasin skeleton (D:4)
  3 scorpions
  A howler monkey (D:5)
  A worker ant (D:4)
  A hound skeleton (D:4)
  3 gnolls
  A ball python (D:4)
  A jackal (D:6)
  A quokka (D:4)
  A leopard gecko zombie (D:5)
16 creatures vanquished.

Vanquished Creatures (others)
  An ooze (D:1)
  2 fungi (D:4)
3 creatures vanquished.

Grand Total: 167 creatures vanquished

Notes
Turn   | Place    | Note
-------+----------+-------------------------------------------
     0 | D:1      | Schiappus the Demonspawn Berserker began the quest for the Orb.
     0 | D:1      | Reached XP level 1. HP: 18/18 MP: 1/1
   102 | D:1      | Gained mutation: You have a pair of small horns on your head. [demonic ancestry]
   102 | D:1      | Reached XP level 2. HP: 3/24 MP: 2/2
   359 | D:1      | Reached skill level 3 in Axes
   963 | D:1      | Gained mutation: You have a pair of horns on your head. [demonic ancestry]
   963 | D:1      | Reached XP level 3. HP: 17/29 MP: 3/3
  1361 | D:2      | Reached ** piety under Trog
  1524 | D:2      | Noticed Robin
  1534 | D:2      | Killed Robin
  1534 | D:2      | Reached XP level 4. HP: 35/35 MP: 4/4
  1680 | D:2      | Found an opulent altar of Gozag.
  1760 | D:2      | Noticed Terence
  1776 | D:2      | Killed Terence
  2006 | D:3      | Found a glowing golden altar of the Shining One.
  2024 | D:3      | Reached *** piety under Trog
  2059 | D:3      | Gained mutation: A weak demonic guardian rushes to your aid. [demonic ancestry]
  2059 | D:3      | Reached XP level 5. HP: 38/41 MP: 5/5
  2160 | D:3      | Noticed Frank's ghost (amateur OpFi)
  2165 | D:3      | Found a stormy altar of Qazlal.
  2175 | D:3      | Killed Frank's ghost
  2175 | D:3      | Reached skill level 4 in Axes
  2175 | D:3      | Reached skill level 1 in Shields
  3214 | D:4      | Gained mutation: You have a pair of large horns on your head. [demonic ancestry]
  3214 | D:4      | Reached XP level 6. HP: 43/48 MP: 6/6
  3452 | D:4      | Found a radiant altar of Vehumet.
  3520 | D:4      | Reached **** piety under Trog
  3911 | D:4      | Found a shadowy altar of Dithmenos.
  4028 | D:4      | Reached XP level 7. HP: 23/54 MP: 7/7
  4030 | D:4      | Reached skill level 5 in Axes
  4264 | D:4      | Found a white marble altar of Elyvilon.
  4641 | D:4      | Reached skill level 1 in Stealth
  4900 | D:5      | Entered Level 5 of the Dungeon
  4957 | D:5      | Found a staircase to the Ecumenical Temple.
  4976 | Temple   | Entered the Ecumenical Temple
  5581 | D:5      | Noticed Eustachio
  5583 | D:5      | Noticed Sigmund
  5617 | D:5      | Killed Sigmund
  5617 | D:5      | Reached skill level 6 in Axes
  5617 | D:5      | Gained mutation: You have sharp toenails. [demonic ancestry]
  5617 | D:5      | Reached XP level 8. HP: 61/61 MP: 8/8
  5624 | D:5      | Killed Eustachio
  5873 | D:5      | Found a blossoming altar of Fedhas.
  6078 | D:5      | Reached skill level 5 in Fighting
  6142 | D:6      | Received a gift from Trog
  6222 | D:6      | Found a shattered altar of Ashenzari.
  6355 | D:6      | Found an iron altar of Okawaru.
  6570 | D:6      | Reached skill level 7 in Axes
  6604 | D:6      | Killed from afar by an orc priest

Skill      XL: |  1  2  3  4  5  6  7  8 |
---------------+-------------------------+-----
Dodging        | 2 3 |  3.1
Axes           | 3 4 6 7 |  7.3
Armour         | 2 3 4 |  4.4
Shields        | 1 2 3 4 |  4.4
Fighting       | 4 5 |  5.2
Stealth        | 1 |  1.1

Action                   |  1- 3 |  4- 6 |  7- 9 || total
-------------------------+-------+-------+-------++-------
Melee: Hand axe          |    90 |   213 |       ||   303
       Headbutt          |    14 |    37 |    42 ||    93
       War axe           |       |    10 |   199 ||   209
Invok: Berserk           |     1 |       |     1 ||     2
  Use: Scroll            |     3 |     2 |     5 ||    10
       Potion            |     2 |     3 |     2 ||     7
 Stab: Distracted        |       |     1 |       ||     1
  Eat: Chunk             |     2 |     9 |     3 ||    14
       Bread ration      |       |       |     1 ||     1
       Royal jelly       |       |       |     1 ||     1
Armor: Animal skin       |    28 |       |       ||    28
       Plate armour      |    18 |   143 |   106 ||   267
Dodge: Dodged            |    70 |    34 |    24 ||   128
Block: Shield            |    24 |   116 |   103 ||   243
